Map: Berlingrad LE

Players

NukeToMeetU - Winner!

  • Race: Protoss Protoss
  • League: Diamond

Lake

  • Race: Terran Terran
  • League: Diamond

VOD

Have the link to the VOD?

Description

Time

  • Played on: March 19, 2022, 2:04 a.m.
  • Length: 19:38
Show
View Real Time Build Order
Export as new Build Order

NukeToMeetU Protoss - Winner!

Build Orders: Oracle Opening 

Get SALT Encoding   

  12  0:00  Probe  
  13  0:12  Probe  
  14  0:17  Pylon  
  14  0:24  Probe (Chrono Boost)  
  15  0:36  Probe (Chrono Boost)  
  15  0:42  Gateway  
  16  0:44  Probe (Chrono Boost)  
  17  0:51  Probe  
  18  0:58  Assimilator  
  18  1:03  Probe  
  19  1:07  Assimilator  
  19  1:15  Probe  
  20  1:27  Probe (Chrono Boost)  
  20  1:29  Pylon  
  21  1:34  Cybernetics Core  
  21  1:38  Probe (Chrono Boost)  
  22  1:43  Probe (Chrono Boost)  
  23  1:56  Probe  
  24  2:01  Nexus  
  24  2:08  Probe  
  25  2:10  Adept (Chrono Boost)  
  27  2:17  Warp Gate  
  27  2:23  Stargate  
  27  2:26  Probe  
  28  2:38  Probe  
  28  2:41  Pylon  
  29  2:50  Probe  
  30  3:01  Robotics Facility  
  30  3:03  Probe  
  31  3:07  Twilight Council  
  31  3:15  Probe  
  32  3:21  Oracle (Chrono Boost)  
  35  3:27  Probe  
  36  3:42  Probe (Chrono Boost)  
  36  3:47  Probe (Chrono Boost)  
  38  3:53  Probe (Chrono Boost)  
  38  3:54  Charge  
  40  3:56  Probe (Chrono Boost)  
  40  3:57  Probe (Chrono Boost)  
  40  4:00  Pylon  
  41  4:03  Observer  
  41  4:04  Gateway  
  41  4:08  Probe (Chrono Boost), Gateway  
  41  4:09  Probe (Chrono Boost)  
  44  4:20  Probe (Chrono Boost)  
  44  4:23  Probe (Chrono Boost)  
  46  4:25  Probe (Chrono Boost)  
  46  4:30  Probe  
  48  4:35  Probe  
  47  4:43  Immortal, Probe  
  56  4:48  Pylon  
  56  4:49  Assimilator  
  56  4:50  Void Ray  
  56  4:51  Assimilator, Pylon  
  56  4:55  Probe  
  57  5:14  Shield Battery, Stalker  
  57  5:15  Shield Battery, Stalker x2  
  57  5:17  Shield Battery  
  63  5:31  Dark Shrine  
  63  5:38  Zealot  
  63  5:39  Zealot x2  
  63  5:58  Probe x2  
  65  6:06  Stalker x3  
  65  6:10  Probe x2  
  73  6:22  Probe x2, Nexus  
  73  6:24  Pylon  
  75  6:29  Pylon  
  75  6:34  Probe x2  
  75  6:36  Nexus  
  75  6:38  Forge x2  
  75  6:39  Pylon  
  77  6:41  Forge, Pylon  
  77  6:46  Probe x2  
  79  6:49  Pylon  
  79  6:50  Immortal  
  79  6:52  Pylon  
  83  6:58  Probe x2  
  85  7:04  Protoss Ground Weapons Level 1 (Chrono Boost), Protoss Ground Armor Level 1 (Chrono Boost)  
  85  7:05  Protoss Shields Level 1 (Chrono Boost)  
  85  7:10  Probe x2  
  85  7:14  Shield Battery  
  87  7:25  Robotics Bay  
  87  7:42  Probe (Chrono Boost)  
  90  7:45  Probe x2 (Chrono Boost)  
  90  7:54  Probe (Chrono Boost)  
  90  7:56  Probe (Chrono Boost), Assimilator  
  90  7:58  Probe (Chrono Boost)  
  93  7:59  Probe (Chrono Boost)  
  93  8:00  Probe (Chrono Boost), Assimilator  
  93  8:02  Dark Templar x2  
  99  8:06  Probe  
  100  8:18  Probe  
  101  8:27  Gateway  
  101  8:29  Gateway  
  101  8:32  Gateway  
  101  8:33  Gateway  
  99  8:36  Photon Cannon  
  99  8:38  Photon Cannon  
  99  8:41  Photon Cannon  
  99  8:45  Photon Cannon, Probe x4  
  103  8:49  Shield Battery  
  103  8:52  Photon Cannon, Pylon  
  103  8:53  Photon Cannon  
  103  8:54  Photon Cannon  
  101  8:55  Zealot x2  
  101  8:56  Zealot  
  101  8:57  Probe  
  101  8:58  Assimilator, Disruptor (Chrono Boost)  
  115  9:03  Assimilator  
  115  9:05  Void Ray  
  114  9:11  Robotics Facility  
  114  9:12  Gateway  
  114  9:13  Robotics Facility, Gateway  
  114  9:15  Gateway  
  114  9:18  Photon Cannon  
  114  9:22  Photon Cannon  
  114  9:28  Disruptor (Chrono Boost)  
  111  9:38  Zealot  
  111  9:39  Zealot x5  
  111  9:53  Zealot  
  111  10:01  Zealot  
  111  10:02  Zealot x5  
  123  10:10  Protoss Ground Armor Level 2 (Chrono Boost), Protoss Ground Weapons Level 2 (Chrono Boost), Protoss Shields Level 2 (Chrono Boost)  
  123  10:23  Disruptor x2  
  123  10:24  Observer  
  134  10:33  Void Ray  
  134  10:42  Zealot x6  
  142  10:43  Zealot x4  
  142  10:45  Colossus  
  140  10:59  Immortal x2  
  144  11:08  Zealot x5  
  144  11:09  Zealot x4  
  141  11:16  Void Ray  
  133  11:21  Zealot  
  123  11:31  Zealot x6  
  123  11:32  Zealot x3  
  123  11:46  Stalker  
  109  12:02  Zealot x6  
  109  12:03  Zealot x3  
  109  12:05  Nexus  
  109  12:07  Pylon  
  127  12:08  Pylon  
  127  12:24  Zealot x4  
  127  12:25  Zealot x5  
  142  12:34  Zealot  
  136  12:51  Probe x3  
  139  12:55  Shield Battery, Protoss Ground Weapons Level 3 (Chrono Boost)  
  139  12:56  Shield Battery, Protoss Shields Level 3 (Chrono Boost), Protoss Ground Armor Level 3 (Chrono Boost)  
  139  12:58  Shield Battery  
  139  13:00  Photon Cannon  
  139  13:01  Photon Cannon  
  139  13:02  Warp Prism (Chrono Boost)  
  139  13:03  Immortal (Chrono Boost), Photon Cannon  
  139  13:04  Photon Cannon  
  139  13:07  Photon Cannon  
  139  13:11  Pylon  
  148  13:13  Disruptor (Chrono Boost)  
  148  13:31  Colossus  
  154  13:34  Warp Prism  
  156  13:42  Immortal  
  159  13:56  Stalker  
  159  13:57  Stalker x7  
  159  13:58  Stalker x2  
  178  14:11  Immortal  
  180  14:21  Zealot x4, Colossus  
  180  14:22  Zealot x4  
  198  14:44  Dark Templar  
  200  15:04  Zealot x2  
  182  15:54  Stalker x3  
  182  15:55  Stalker  
  184  16:01  Zealot x4  
  184  16:02  Zealot  
  187  16:21  Dark Templar x5  
  197  16:32  Stalker  
  199  16:35  Pylon  
  187  16:43  Zealot x4  
  155  17:01  Nexus  
  155  17:04  Pylon  
  155  17:06  Pylon  
  147  17:12  Dark Templar x6  
  147  17:13  Dark Templar x3  
  165  17:25  Nexus  
  165  17:28  Pylon  
  165  17:29  Pylon  
  137  17:47  Zealot x2  
  137  17:48  Zealot x6  
  137  17:49  Zealot  
  150  18:10  Probe x3  
  143  18:37  Zealot x3  
  143  18:38  Zealot x6  
  118  19:24  Assimilator  
  118  19:26  Assimilator  
  118  19:34  Zealot x4  
  118  19:35  Zealot x5  
Show
View Real Time Build Order
Export as new Build Order

Lake Terran 

Build Orders:  

Get SALT Encoding   

  12  0:00  SCV  
  13  0:12  SCV  
  14  0:18  Supply Depot  
  14  0:24  SCV  
  15  0:39  SCV  
  15  0:41  Barracks  
  16  0:44  Refinery  
  16  0:52  SCV  
  17  1:04  SCV  
  18  1:16  SCV  
  19  1:28  Orbital Command  
  19  1:30  Marine  
  20  1:47  Command Center  
  20  1:51  Barracks Reactor  
  20  1:58  Supply Depot  
  20  2:01  SCV  
  21  2:13  SCV  
  22  2:18  Barracks  
  22  2:21  Barracks  
  22  2:25  SCV  
  22  2:28  Marine x2  
  25  2:37  SCV  
  26  2:50  Marine x2  
  28  2:52  SCV  
  29  2:59  Orbital Command  
  29  3:03  Bunker  
  29  3:04  SCV  
  30  3:06  Barracks Tech Lab  
  30  3:08  Refinery  
  30  3:10  Barracks Tech Lab  
  30  3:11  Marine  
  31  3:14  Marine  
  31  3:16  SCV  
  33  3:27  Stimpack  
  33  3:28  Marine x2  
  33  3:29  SCV x2  
  33  3:31  Combat Shield  
  37  3:41  SCV  
  38  3:49  Supply Depot  
  38  3:50  Marine x2  
  38  3:51  SCV, Marauder x2  
  38  3:53  SCV  
  46  3:59  Refinery  
  46  4:03  Engineering Bay  
  46  4:11  SCV x2, Marine  
  46  4:12  Marine  
  46  4:13  Supply Depot  
  46  4:16  Marauder  
  52  4:19  Marauder  
  54  4:28  SCV  
  54  4:30  SCV  
  54  4:31  Marine  
  54  4:32  Marine  
  54  4:37  Marauder  
  53  4:39  Supply Depot  
  53  4:40  SCV  
  53  4:42  SCV, Marine  
  53  4:48  Marine  
  53  4:52  SCV  
  54  4:54  SCV  
  54  4:59  Marine  
  57  5:00  Marauder x2  
  57  5:04  Supply Depot  
  60  5:08  SCV x2  
  62  5:20  SCV x2, Marine  
  65  5:29  Marine x2  
  65  5:31  Marauder  
  65  5:32  SCV  
  70  5:36  Supply Depot  
  67  5:50  Marauder, Marine x2  
  67  5:55  Factory  
  71  5:58  Marauder  
  71  5:59  SCV  
  71  6:01  SCV  
  71  6:02  Terran Infantry Armor Level 1  
  75  6:10  Marine x2  
  77  6:11  SCV  
  77  6:13  SCV  
  77  6:17  Marauder  
  81  6:23  SCV  
  81  6:25  SCV  
  83  6:26  Marine  
  83  6:28  Command Center, Marine  
  85  6:35  SCV  
  85  6:37  Concussive Shells  
  85  6:39  Starport, Factory Reactor  
  86  6:46  SCV, Marine x2  
  89  6:47  SCV, Supply Depot, Marine x2  
  92  6:55  Supply Depot  
  92  6:58  SCV  
  92  7:00  SCV  
  94  7:01  Armory  
  94  7:08  Marine x2  
  94  7:09  Marauder  
  94  7:10  SCV  
  94  7:12  SCV, Marauder  
  102  7:22  SCV  
  103  7:24  SCV, Supply Depot  
  103  7:27  Factory Tech Lab  
  103  7:29  Barracks  
  104  7:30  Marauder  
  104  7:34  SCV  
  104  7:36  Refinery, SCV, Marine x2  
  110  7:41  Barracks  
  110  7:44  Marine  
  110  7:50  Engineering Bay  
  111  7:53  Supply Depot  
  111  7:55  Marine  
  112  8:02  SCV x2  
  114  8:12  Marine x2  
  116  8:13  Marine x2  
  116  8:14  SCV x2  
  120  8:20  Barracks Reactor  
  120  8:21  Supply Depot x2  
  120  8:24  Medivac x2  
  120  8:26  SCV  
  125  8:37  Missile Turret  
  125  8:38  Orbital Command  
  125  8:39  Missile Turret  
  125  8:40  SCV x2  
  125  8:41  Terran Infantry Armor Level 2, Terran Infantry Weapons Level 1  
  127  8:45  Missile Turret  
  127  8:52  SCV x2  
  128  9:04  SCV x2  
  128  9:08  Marine x4  
  128  9:09  Marauder x2, Medivac x2  
  142  9:13  SCV  
  142  9:16  SCV x2  
  145  9:22  Marine  
  146  9:25  SCV  
  146  9:26  Refinery, Marine  
  146  9:27  Refinery  
  146  9:28  SCV  
  149  9:37  Marine x2  
  149  9:38  Marauder x2, Marine  
  149  9:39  Medivac x2  
  149  9:40  Marine  
  146  9:51  Marine  
  141  9:55  Marine x3  
  141  9:59  Marauder  
  149  10:00  Marauder  
  149  10:03  Barracks Reactor  
  149  10:06  SCV x2  
  145  10:09  Marine, Medivac x2  
  145  10:13  Siege Tank, Marine x2  
  155  10:19  SCV  
  155  10:20  SCV  
  157  10:24  Supply Depot x2, Marine  
  157  10:25  Supply Depot, Marauder x2  
  157  10:26  SCV, Marine  
  164  10:31  Marine  
  165  10:42  Command Center  
  165  10:45  SCV x3, Marine, Medivac x2  
  165  10:46  Marauder x2  
  152  10:57  SCV x2  
  152  11:01  Marine x2  
  152  11:02  Marine x3  
  152  11:03  Siege Tank, Marine  
  161  11:08  Marauder x2  
  150  11:19  Marine x3  
  150  11:20  Marine x2  
  150  11:21  Marine  
  146  11:29  Marauder x2  
  146  11:37  Marine x4  
  146  11:38  Marine  
  146  11:39  Marine  
  143  11:50  Marauder x2  
  143  11:51  Siege Tank, Medivac  
  143  11:52  Medivac  
  149  11:55  Marine x5  
  149  11:57  Marine  
  155  12:05  Terran Vehicle Weapons Level 1  
  155  12:06  Barracks x2, Terran Infantry Weapons Level 2  
  155  12:07  Barracks, Terran Infantry Armor Level 3  
  155  12:08  Barracks  
  155  12:12  Marauder x2  
  155  12:13  Marine x5  
  155  12:15  Marine  
  151  12:30  Marine  
  151  12:31  Marine x4  
  151  12:33  Marine x3  
  155  12:41  Planetary Fortress  
  152  12:48  Marine x2  
  152  12:49  Marine x3  
  152  12:50  Marine  
  152  12:51  Marauder x2  
  133  12:55  Barracks Reactor x4  
  133  12:57  Siege Tank  
  127  13:04  Medivac x2  
  132  13:05  SCV x2  
  132  13:06  SCV, Marine x4  
  132  13:07  Marine  
  132  13:08  Marine  
  132  13:12  Marauder x2  
  144  13:13  Ghost Academy  
  144  13:17  Starport  
  144  13:24  Marine x5  
  144  13:26  Marine  
  150  13:29  Refinery  
  150  13:30  Refinery  
  150  13:31  Siege Tank  
  150  13:33  Marine  
  150  13:34  Viking x2, Marauder  
  160  13:39  Marine  
  160  13:40  Marine x7  
  160  13:41  Command Center  
  168  13:42  Marine x4  
  172  13:51  Marine x2  
  172  13:52  Marauder  
  172  13:54  Marine  
  167  13:59  Marine  
  167  14:00  Marine x4  
  167  14:01  Marine  
  167  14:02  Marine  
  173  14:03  Marine  
  173  14:04  Viking x2  
  173  14:06  Supply Depot  
  173  14:07  Supply Depot  
  173  14:08  Supply Depot x2  
  173  14:09  Supply Depot  
  172  14:13  Marauder  
  172  14:14  Marauder  
  165  14:29  Marine x12  
  165  14:30  Marine x2  
  179  14:33  Viking  
  179  14:34  Viking, Marauder  
  179  14:35  Marauder  
  182  14:47  Marine  
  182  14:48  Terran Infantry Weapons Level 3  
  182  14:49  Terran Vehicle Weapons Level 2  
  179  15:12  Planetary Fortress  
  170  15:14  Missile Turret, Marine x2  
  170  15:15  Marine x4  
  170  15:16  Marauder x2, Marine x2  
  182  15:22  Medivac x2  
  182  15:25  Marine x4  
  190  15:32  Marine x2  
  191  15:37  Marauder x2  
  191  15:41  Marine  
  191  15:42  Marine x4  
  200  15:49  Command Center  
  200  15:52  Medivac  
  196  15:58  Marauder  
  196  15:59  Marauder  
  198  16:38  Marauder, Marine x3  
  198  16:39  Marauder  
  137  16:55  Marine x3  
  137  16:56  Marine  
  137  17:00  Marauder x2  
  131  17:04  Marine  
  131  17:05  Marine x9  
  131  17:08  Siege Tank, Medivac x2  
  142  17:13  Marine x4  
  148  17:21  Marauder x2  
  148  17:22  Marine x2  
  145  17:23  Marine x3  
  150  17:33  Marine  
  150  17:34  Marine x5  
  150  17:35  Marine x3  
  127  17:38  Medivac  
  127  17:40  Siege Tank, Marine x3  
  127  17:41  Marine x2  
  127  17:43  Marauder x2  
  101  17:51  Marine x2  
  101  17:52  Marine x5  
  101  17:53  Marine x2  
  101  17:58  Marine x5  
  110  18:04  Marauder x2  
  114  18:09  Marine x3  
  102  18:22  Marine  
  102  18:24  Marine  
  102  18:25  Marauder  
  102  18:26  Marauder  
  108  18:36  Marine  
  109  18:47  Marauder x2  
  106  18:50  Orbital Command  
  106  18:52  Marine  
  106  18:53  Marine x2  
  81  19:04  Marine x2  
  81  19:05  Marine  
  81  19:08  Marauder x2  
Tags
 
Add a new tag
Caveats
  • Supply blocks, unpowered buildings, or Contaminate may cause inaccurate times.
  • Supply counts are checked every 10 seconds.